 Dungeon Crawl Stone Soup version 0.27.1-4-g1640c2035a (webtiles) character file.

Game seed: 14454456538359394801

239 belegose the Cutter (level 6, 0/38 HPs)
             Began as a Kobold Berserker on Nov 13, 2021.
             Was a Priest of Trog.
             Slain by Grinder (2 damage)
             ... on level 4 of the Dungeon.
             The game lasted 00:12:22 (4774 turns).

belegose the Cutter (Kobold Berserker)              Turns: 4774, Time: 00:12:22

Health: 0/38       AC:  6    Str: 16    XL:     6   Next: 29%
Magic:  6/6        EV: 13    Int:  9    God:    Trog [***...]
Gold:   162        SH:  0    Dex: 14    Spells: 5/5 levels left

rFire    + . .     SeeInvis .   g - +4 quarterstaff (chaos)
rCold    + . .     Faith    .   (shield currently unavailable)
rNeg     . . .     Spirit   .   s - +0 scale mail {rPois}
rPois    +         Reflect  .   (no helmet)
rElec    .         Harm     .   n - scarf {rC+ rF+}
rCorr    .         Rampage  .   (no gloves)
Will     .....                  (no boots)
Stlth    ++........             (no amulet)
HPRegen  0.12/turn              (no ring)
MPRegen  0.10/turn              (no ring)

@: on berserk cooldown, slowed, very slow
A: small, no large weapons, nightstalker 3
a: Renounce Religion, Berserk, Trog's Hand


You were on level 4 of the Dungeon.
You worshipped Trog.
Trog was most pleased with you.
You visited 1 branch of the dungeon, and saw 4 of its levels.

You collected 162 gold pieces.

Inventory:

Hand Weapons
 a - a +3 short sword
 b - a +0 dagger of flaming
 g - a +4 quarterstaff of chaos (weapon)
Missiles
 c - 14 poisoned darts
 d - 133 stones (quivered)
 i - 3 boomerangs
Armour
 n - a scarf of resistance (worn)
 p - a +2 cloak of poison resistance
 s - a +0 scale mail of poison resistance (worn)
 u - a +0 ring mail
 w - a +2 leather armour of fire resistance
Wands
 o - a wand of paralysis (5)
Scrolls
 k - 2 scrolls of magic mapping {unknown}
 l - 2 scrolls of enchant weapon {unknown}
 q - 2 scrolls of teleportation {unknown}
 r - 4 scrolls of identify {unknown}
 t - a scroll of amnesia {unknown}
Potions
 e - 2 potions of heal wounds {unknown}
 f - a potion of mutation {unknown}
 h - a potion of degeneration {unknown}
 j - a potion of haste {unknown}
 m - a potion of experience {unknown}
 v - a potion of resistance {unknown}


   Skills:
 + Level 4.2 Fighting
 - Level 4.6 Short Blades
 + Level 0.9 Staves
 + Level 2.2 Throwing
 + Level 2.4 Armour
 + Level 3.6 Dodging
 + Level 3.1 Stealth
 + Level 0.2 Evocations


You had 5 spell levels left.
You didn't know any spells.
Your spell library was empty.

Dungeon Overview and Level Annotations

Branches:
Dungeon (4/15)
 Temple: D:4-7

Altars:
Wu Jian

Annotations:
D:4 Grinder


Innate Abilities, Weirdness & Mutations

You are small and have problems with some larger weapons.
You are completely attuned to the shadows.


Message History

Found 13 gold pieces.
You see here a +0 dagger.
You now have 162 gold pieces (gained 13).
Grinder comes into view.
Grinder blinks!
Grinder moves out of view.
Grinder is nearby!
You hit Grinder but do no damage. Grinder hits you.
You writhe in agony.
Grinder hits you.
You writhe in agony.
You hit Grinder but do no damage.
Space bends around Grinder.
Grinder is lightly wounded.
Grinder gestures at you.
You suddenly lose the ability to move!
Grinder gestures at you. Pain shoots through your body! Grinder hits you!
* * * LOW HITPOINT WARNING * * *
Grinder hits you but does no damage.
You can move again.
Unknown command.
Unknown command.
A red film seems to cover your vision as you go berserk!
You feel yourself moving faster!
You feel mighty!
Grinder blinks!
You feel a strong urge to attack something.
Unknown command.
You feel your anger nearly subside.
You are no longer berserk.
You are exhausted.
You feel yourself slow down. Grinder misses you.
You sock Grinder!
Grinder's magic leaks into the air.
Grinder is lightly wounded.
Grinder barely misses you.
Grinder says, "You look like you could use a good racking."
Grinder hits you.
* * * LOW HITPOINT WARNING * * *
You writhe in agony.
* * * LOW HITPOINT WARNING * * *
Aiming: Paralyse
Press: ? - help, Shift-Dir - straight line, f - Grinder
Aim: Grinder (lightly wounded, chance to affect: 46%) Grinder resists with some effort.
Grinder hits you.
You die...

###########
#.........#
#.........#
#.........#
#.........#
#.....^...#
#.........#
#......).)#
#....@....############
#....5....##....##<...
#.........#.....######
..........#.....# #
#.####...<.....######
#####.>.........
#.....###### #......
#######


You could see Grinder.

Vanquished Creatures
  Crazy Yiuf (D:2)
  Ijyb (D:3)
  Terence (D:2)
  An orc wizard (D:3)
  2 adders
  A shadow imp (D:3)
  4 worms
  A dart slug (D:4)
  15 orcs
  5 endoplasms
  2 giant cockroaches (D:1)
  8 goblins
  9 hobgoblins
  6 jackals
  6 kobolds
  4 quokkas
  2 ball pythons
  2 bats
  4 frilled lizards
  6 rats
81 creatures vanquished.

Notes
Turn   | Place    | Note
-------+----------+-------------------------------------------
     0 | D:1      | belegose the Kobold Berserker began the quest for the Orb.
     0 | D:1      | Reached XP level 1. HP: 14/14 MP: 1/1
   599 | D:1      | Reached XP level 2. HP: 17/19 MP: 2/2
  1410 | D:2      | Reached skill level 1 in Stealth
  1618 | D:2      | Reached XP level 3. HP: 17/23 MP: 3/3
  2100 | D:2      | Reached skill level 1 in Throwing
  2272 | D:2      | Noticed Terence
  2301 | D:2      | Killed Terence
  2301 | D:2      | Reached ** piety under Trog
  2302 | D:2      | Reached XP level 4. HP: 15/29 MP: 4/4
  2821 | D:2      | Found a runed translucent door.
  2824 | D:2      | Noticed Crazy Yiuf
  2829 | D:2      | Killed Crazy Yiuf
  2830 | D:2      | Reached XP level 5. HP: 33/33 MP: 5/5
  3468 | D:3      | Found an ornate altar of the Wu Jian Council.
  4022 | D:3      | Reached *** piety under Trog
  4025 | D:3      | Reached XP level 6. HP: 38/38 MP: 6/6
  4036 | D:3      | Noticed Ijyb
  4065 | D:3      | Paralysed by Ijyb for 3 turns
  4076 | D:3      | Killed Ijyb
  4760 | D:4      | Noticed Grinder
  4765 | D:4      | Paralysed by Grinder for 4 turns
  4774 | D:4      | Slain by Grinder

Illustrated notes

Levels and vault maps discovered:
D:1:      dpeg_arrival_more_subterranean_lakeside_camping, layout_basic,
          dk_noncrumbling_3, minmay_ruptured
D:2:      layout_loops_ring, wad_orctagon, uniq_terence, uniq_crazy_yiuf_cottage
D:3:      layout_basic, nicolae_overflow_crystal_walls,
          cheibrodos_sewer_entry_bend, guppyfry_early_orc_mine, uniq_ijyb
D:4:      layout_basic, overflow_temple_1_default,
          nicolae_qazlal_style_of_elements, uniq_grinder

Skill      XL: |  1  2  3  4  5  6 |
---------------+-------------------+-----
Stealth        | 1 2 3 |  3.1
Throwing       | 1 2 |  2.2
Armour         | 2 |  2.4
Dodging        | 3 |  3.6
Fighting       | 4 |  4.2
Short Blades   | |  4.6
Staves         | |  0.9
Evocations     | |  0.2

Action                   |  1- 3 |  4- 6 || total
-------------------------+-------+-------++-------
Melee: Short sword       |   122 |    34 ||   156
       Quarterstaff      |       |    99 ||    99
Invok: Berserk           |     3 |     3 ||     6
Evoke: Wand              |       |     1 ||     1
  Use: Potion            |       |     2 ||     2
 Stab: Sleeping          |     6 |     9 ||    15
Armor: Ring mail         |    17 |    19 ||    36
       Animal skin       |     1 |       ||     1
       Scale mail        |       |    27 ||    27
Dodge: Dodged            |    51 |    83 ||   134
